TOP OF THE 1ST |
Penquannock Overrated Jeter batting - Pitching for Kingston Iguanas : RHP Sid Allen
|
Pitching: RHP Sid Allen
|
|
Batting: RHB Aaron Holt
|
0-0: Called Strike 0-1: Ball 1-1: Called Strike 1-2: Strikes out looking
|
Batting: RHB António Rodríguez
|
0-0: Ball 1-0: Foul Ball, location: 2F 1-1: Foul Ball, location: 2F 1-2: Ball 2-2: Strikes out looking
|
Batting: RHB Bernardo Enríquez
|
0-0: Ball 1-0: Ball 2-0: Ball 3-0: Base on Balls
|
Batting: RHB José Velásquez
|
0-0: Foul Ball, location: 2F 0-1: Ball 1-1: Foul Ball, location: 2F 1-2: Ground out 6-3 (Groundball, 56)
|
Top of the 1st over - 0 run(s), 0 hit(s), 0 error(s), 1 left on base; Penquannock 0 - Kingston 0 |
BOTTOM OF THE 1ST |
Kingston Iguanas batting - Pitching for Penquannock Overrated Jeter : RHP Hayden Collins
|
Pitching: RHP Hayden Collins
|
|
Batting: LHB Billy Anderson
|
0-0: Called Strike 0-1: Called Strike 0-2: Ball 1-2: Foul Ball, location: 2F 1-2: Ball 2-2: Foul Ball, location: 2F 2-2: Foul Ball, location: 2F 2-2: Foul Ball, location: 2F 2-2: Ball 3-2: Strikes out swinging
|
Batting: RHB Francisco Martínez
|
0-0: Ball 1-0: SINGLE (Line Drive, 9S)
|
Batting: LHB Dusty Wilson
|
0-0: Grounds into double play, 6-4-3 (Groundball, 6)
|
Bottom of the 1st over - 0 run(s), 1 hit(s), 0 error(s), 0 left on base; Penquannock 0 - Kingston 0 |
TOP OF THE 2ND |
Penquannock Overrated Jeter batting - Pitching for Kingston Iguanas : RHP Sid Allen
|
Batting: LHB Pete Weber
|
0-0: Foul Ball, location: 2F 0-1: Foul Ball, location: 2F 0-2: Strikes out swinging
|
Batting: RHB Alfonso Hernández
|
0-0: Ball 1-0: Foul Ball, location: 2F 1-1: Foul Ball, location: 2F 1-2: Strikes out looking
|
Batting: LHB Ron Robinson
|
0-0: Foul Ball, location: 2F 0-1: Called Strike 0-2: Foul Ball, location: 2F 0-2: Ball 1-2: Ball 2-2: Foul Ball, location: 2F 2-2: Fly out, F7 (Flyball, 7D)
|
Top of the 2nd over - 0 run(s), 0 hit(s), 0 error(s), 0 left on base; Penquannock 0 - Kingston 0 |
BOTTOM OF THE 2ND |
Kingston Iguanas batting - Pitching for Penquannock Overrated Jeter : RHP Hayden Collins
|
Batting: RHB Tommy Davenport
|
0-0: Ball 1-0: Swinging Strike 1-1: Ground out 5-3 (Groundball, 5L)
|
Batting: SHB Devin Smith
|
0-0: Ball 1-0: Ground out 5-3 (Groundball, 56D)
|
Batting: LHB Gustavo Gómez
|
0-0: Ball 1-0: Called Strike 1-1: Ball 2-1: Swinging Strike 2-2: Ball 3-2: Ground out 3-1 (Groundball, 34)
|
Bottom of the 2nd over - 0 run(s), 0 hit(s), 0 error(s), 0 left on base; Penquannock 0 - Kingston 0 |
TOP OF THE 3RD |
Penquannock Overrated Jeter batting - Pitching for Kingston Iguanas : RHP Sid Allen
|
Batting: RHB Armando Pagán
|
0-0: Foul Ball, location: 2F 0-1: Ball 1-1: Ball 2-1: Ball 3-1: Base on Balls
|
Batting: LHB Matt Reese
|
0-0: Foul Ball, location: 2F 0-1: Ball 1-1: Ball 2-1: Foul Ball, location: 2F 2-2: Ball 3-2: Base on Balls Armando Pagán to second
|
Batting: RHB Aaron Holt
|
0-0: Called Strike 0-1: Grounds into double play, 5-4-3 (Groundball, 56) Armando Pagán to third
|
Batting: RHB António Rodríguez
|
0-0: Foul Ball, location: 2F 0-1: Called Strike 0-2: Foul Ball, location: 2F 0-2: Strikes out swinging
|
Top of the 3rd over - 0 run(s), 0 hit(s), 0 error(s), 1 left on base; Penquannock 0 - Kingston 0 |
BOTTOM OF THE 3RD |
Kingston Iguanas batting - Pitching for Penquannock Overrated Jeter : RHP Hayden Collins
|
Batting: SHB Júlio Valentín
|
0-0: Called Strike 0-1: Foul Ball, location: 2F 0-2: Foul Ball, location: 2F 0-2: Strikes out swinging
|
Batting: RHB Ken MacDonald
|
0-0: Ball 1-0: Called Strike 1-1: Called Strike 1-2: Ball 2-2: Ball 3-2: Ground out 5-3 (Groundball, 25)
|
Batting: SHB John Beach
|
0-0: Called Strike 0-1: Ball 1-1: Ground out 4-3 (Groundball, 34)
|
Bottom of the 3rd over - 0 run(s), 0 hit(s), 0 error(s), 0 left on base; Penquannock 0 - Kingston 0 |
TOP OF THE 4TH |
Penquannock Overrated Jeter batting - Pitching for Kingston Iguanas : RHP Sid Allen
|
Batting: RHB Bernardo Enríquez
|
0-0: Ball 1-0: Called Strike 1-1: Foul Ball, location: 2F 1-2: Ball 2-2: Foul Ball, location: 2F 2-2: Foul Ball, location: 2F 2-2: Strikes out swinging
|
Batting: RHB José Velásquez
|
0-0: Swinging Strike 0-1: SINGLE (Groundball, 56D)
|
Batting: LHB Pete Weber
|
0-0: Fielders Choice at 2nd, 4-6 (Groundball, 4D)
|
Batting: RHB Alfonso Hernández
|
0-0: Ball Pete Weber steals 2nd base 1-0: Ball 2-0: Called Strike 2-1: Ball Wild Pitch! Pete Weber to third 3-1: Called Strike 3-2: Foul Ball, location: 2F 3-2: Strikes out swinging
|
Top of the 4th over - 0 run(s), 1 hit(s), 0 error(s), 1 left on base; Penquannock 0 - Kingston 0 |
BOTTOM OF THE 4TH |
Kingston Iguanas batting - Pitching for Penquannock Overrated Jeter : RHP Hayden Collins
|
Batting: LHB Billy Anderson
|
0-0: Ball 1-0: Called Strike 1-1: Ball 2-1: Ground out 4-3 (Groundball, 4)
|
Batting: RHB Francisco Martínez
|
0-0: Ball 1-0: Ball 2-0: Called Strike 2-1: Ball 3-1: Base on Balls
|
Batting: LHB Dusty Wilson
|
0-0: Swinging Strike 0-1: Swinging Strike 0-2: Foul Ball, location: 2F 0-2: Strikes out swinging
|
Batting: RHB Tommy Davenport
|
0-0: Ball 1-0: Called Strike 1-1: Ball 2-1: Ball 3-1: Fly out, F7 (Flyball, 78M)
|
Bottom of the 4th over - 0 run(s), 0 hit(s), 0 error(s), 1 left on base; Penquannock 0 - Kingston 0 |
TOP OF THE 5TH |
Penquannock Overrated Jeter batting - Pitching for Kingston Iguanas : RHP Sid Allen
|
Batting: LHB Ron Robinson
|
0-0: Ball 1-0: Called Strike 1-1: Swinging Strike 1-2: Strikes out looking
|
Batting: RHB Armando Pagán
|
0-0: Swinging Strike 0-1: Fly out, F8 (Flyball, 8RD)
|
Batting: LHB Matt Reese
|
0-0: Foul Ball, location: 2F 0-1: Fly out, F7 (Flyball, 7S)
|
Top of the 5th over - 0 run(s), 0 hit(s), 0 error(s), 0 left on base; Penquannock 0 - Kingston 0 |
BOTTOM OF THE 5TH |
Kingston Iguanas batting - Pitching for Penquannock Overrated Jeter : RHP Hayden Collins
|
Batting: SHB Devin Smith
|
0-0: Ball 1-0: Ball 2-0: Ball 3-0: Called Strike 3-1: Base on Balls
|
Batting: LHB Gustavo Gómez
|
0-0: Ball 1-0: Swinging Strike 1-1: SINGLE (Groundball, 56D) Devin Smith to second
|
Batting: SHB Júlio Valentín
|
0-0: Ball 1-0: Ball 2-0: Ball 3-0: Base on Balls Devin Smith to third Gustavo Gómez to second
|
Batting: RHB Ken MacDonald
|
0-0: Swinging Strike 0-1: Ball 1-1: Ball 2-1: Ball 3-1: Swinging Strike 3-2: Foul Ball, location: 2F 3-2: Strikes out swinging
|
Batting: SHB John Beach
|
0-0: SINGLE (Groundball, 4MD) Devin Smith scores Gustavo Gómez to third Júlio Valentín to second
|
Batting: LHB Billy Anderson
|
0-0: Ball 1-0: Ball 2-0: Foul Ball, location: 2F 2-1: Foul Ball, location: 2F 2-2: Strikes out swinging
|
Batting: RHB Francisco Martínez
|
0-0: Ball 1-0: Ball 2-0: Called Strike 2-1: Foul Ball, location: 2F 2-2: Foul Ball, location: 2F 2-2: Fly out, F7 (Flyball, 78M)
|
Bottom of the 5th over - 1 run(s), 2 hit(s), 0 error(s), 3 left on base; Penquannock 0 - Kingston 1 |
TOP OF THE 6TH |
Penquannock Overrated Jeter batting - Pitching for Kingston Iguanas : RHP Sid Allen
|
Batting: RHB Aaron Holt
|
0-0: Ball 1-0: Called Strike 1-1: Foul Ball, location: 2F 1-2: Foul Ball, location: 2F 1-2: Ball 2-2: Strikes out swinging
|
Batting: RHB António Rodríguez
|
0-0: Called Strike 0-1: Called Strike 0-2: Ball 1-2: Strikes out looking
|
Batting: RHB Bernardo Enríquez
|
0-0: Ball 1-0: Ball 2-0: Ground out 1-3 (Groundball, P)
|
Top of the 6th over - 0 run(s), 0 hit(s), 0 error(s), 0 left on base; Penquannock 0 - Kingston 1 |
BOTTOM OF THE 6TH |
Kingston Iguanas batting - Pitching for Penquannock Overrated Jeter : RHP Hayden Collins
|
Pitching: RHP Leonard Christensen
|
|
Batting: LHB Dusty Wilson
|
0-0: Foul Ball, location: 2F 0-1: Called Strike 0-2: Strikes out looking
|
Batting: RHB Tommy Davenport
|
0-0: Called Strike 0-1: Swinging Strike 0-2: Strikes out looking
|
Batting: SHB Devin Smith
|
0-0: Ball 1-0: Ball 2-0: Foul Ball, location: 2F 2-1: Ball 3-1: Base on Balls
|
Batting: LHB Gustavo Gómez
|
0-0: Called Strike 0-1: Swinging Strike 0-2: Strikes out looking
|
Bottom of the 6th over - 0 run(s), 0 hit(s), 0 error(s), 1 left on base; Penquannock 0 - Kingston 1 |
TOP OF THE 7TH |
Penquannock Overrated Jeter batting - Pitching for Kingston Iguanas : RHP Sid Allen
|
Batting: RHB José Velásquez
|
0-0: Ball 1-0: Fly out, F9 (Flyball, 9S)
|
Batting: LHB Pete Weber
|
0-0: Swinging Strike 0-1: Ball 1-1: Swinging Strike 1-2: Foul Ball, location: 2F 1-2: Strikes out swinging, 2-3 out at first.
|
Batting: RHB Alfonso Hernández
|
0-0: Called Strike 0-1: Ball 1-1: Ball 2-1: Ground out 4-3 (Groundball, 4MS)
|
Top of the 7th over - 0 run(s), 0 hit(s), 0 error(s), 0 left on base; Penquannock 0 - Kingston 1 |
BOTTOM OF THE 7TH |
Kingston Iguanas batting - Pitching for Penquannock Overrated Jeter : RHP Leonard Christensen
|
Batting: SHB Júlio Valentín
|
0-0: Ball 1-0: Called Strike 1-1: Ball 2-1: Reached on error, E3 (Groundball, 34)
|
Batting: RHB Ken MacDonald
|
0-0: Bunt missed! 0-1: Sac Bunt - play at first, batter OUT! 3-4 Júlio Valentín to second
|
Batting: SHB John Beach
|
0-0: Foul Ball, location: 2F 0-1: Ball 1-1: Ground out 6-3 (Groundball, 6)
|
Now in LF: Francisco Ávila
|
|
Batting: LHB Billy Anderson
|
0-0: Called Strike 0-1: Ball 1-1: Ball 2-1: Ball 3-1: Base on Balls
|
Batting: RHB Francisco Martínez
|
0-0: Called Strike 0-1: Called Strike 0-2: Strikes out swinging
|
Bottom of the 7th over - 0 run(s), 0 hit(s), 1 error(s), 2 left on base; Penquannock 0 - Kingston 1 |
TOP OF THE 8TH |
Penquannock Overrated Jeter batting - Pitching for Kingston Iguanas : RHP Sid Allen
|
Pitching: LHP Ray McKnight
|
|
Now at 2B: Manuel Gómez
|
|
Batting: LHB Ron Robinson
|
0-0: Ball 1-0: Fly out, F7 (Flyball, 7S)
|
Pitching: RHP Brandon Malet
|
|
Batting: RHB Armando Pagán
|
0-0: Ball 1-0: Fly out, F9 (Flyball, 9LSF)
|
Pitching: RHP Ron Jenkins
|
|
Batting: LHB Matt Reese
|
0-0: Ball 1-0: Foul Ball, location: 2F 1-1: Ball 2-1: Called Strike 2-2: Foul Ball, location: 2F 2-2: Foul Ball, location: 2F 2-2: Fly out, F7 (Line Drive, 7)
|
Top of the 8th over - 0 run(s), 0 hit(s), 0 error(s), 0 left on base; Penquannock 0 - Kingston 1 |
BOTTOM OF THE 8TH |
Kingston Iguanas batting - Pitching for Penquannock Overrated Jeter : RHP Leonard Christensen
|
Batting: LHB Dusty Wilson
|
0-0: Called Strike 0-1: DOUBLE (Flyball, 7LM)
|
Batting: RHB Tommy Davenport
|
0-0: Called Strike 0-1: Called Strike 0-2: Ball 1-2: Strikes out swinging
|
Pinch Hitting: LHB Jon Quinn
|
0-0: Ball 1-0: Foul Ball, location: 2F 1-1: Foul Ball, location: 2F 1-2: Ball 2-2: Strikes out looking
|
Batting: LHB Gustavo Gómez
|
0-0: Ball 1-0: Ball 2-0: Ball 3-0: Called Strike 3-1: Foul Ball, location: 2F 3-2: Ground out 3-1 (Groundball, 34)
|
Bottom of the 8th over - 0 run(s), 1 hit(s), 0 error(s), 1 left on base; Penquannock 0 - Kingston 1 |
TOP OF THE 9TH |
Penquannock Overrated Jeter batting - Pitching for Kingston Iguanas : RHP Ron Jenkins
|
Pitching: RHP Guo-fang Juan
|
|
Now in CF: Bob Lee
|
|
Pinch Hitting: RHB Barton Frazier
|
0-0: Foul Ball, location: 2F 0-1: Ball 1-1: Foul Ball, location: 2F 1-2: Ball 2-2: Ball 3-2: Base on Balls
|
Batting: SHB Francisco Ávila
|
0-0: Sac Bunt - play at first, batter OUT! 1-4 Barton Frazier to second
|
Batting: RHB Bernardo Enríquez
|
0-0: Called Strike 0-1: Foul Ball, location: 2F 0-2: Strikes out swinging
|
Batting: RHB José Velásquez
|
0-0: Ball 1-0: Swinging Strike Passed Ball! Barton Frazier to third 1-1: Ball 2-1: Ball 3-1: Base on Balls
|
Batting: LHB Pete Weber
|
0-0: Called Strike 0-1: Ball Wild Pitch! Barton Frazier scores José Velásquez to second 1-1: Ball 2-1: Called Strike 2-2: Ball 3-2: SINGLE (Flyball, 78S) José Velásquez to third José Velásquez scores
|
Pitching: RHP Anastasio Cervantes
|
|
Pinch Hitting: RHB Manny Perea
|
0-0: Ball 1-0: Foul Ball, location: 2F 1-1: Ball 2-1: 2-RUN HOME RUN (Flyball, 78XD), Distance : 402 ft
|
Batting: LHB Ron Robinson
|
0-0: Called Strike 0-1: Swinging Strike 0-2: Foul Ball, location: 2F 0-2: Ball 1-2: Strikes out swinging
|
Top of the 9th over - 4 run(s), 2 hit(s), 0 error(s), 0 left on base; Penquannock 4 - Kingston 1 |
BOTTOM OF THE 9TH |
Kingston Iguanas batting - Pitching for Penquannock Overrated Jeter : RHP Leonard Christensen
|
Pitching: LHP Héctor Díaz
|
|
Now at 3B: Tony Green
|
|
Now at SS: Fernando Díaz
|
|
Batting: SHB Júlio Valentín
|
0-0: Called Strike 0-1: Swinging Strike 0-2: Strikes out looking
|
Batting: RHB Manuel Gómez
|
0-0: Ball 1-0: Called Strike 1-1: Foul Ball, location: 2F 1-2: Ball 2-2: Ball 3-2: Strikes out swinging
|
Batting: SHB John Beach
|
0-0: Fly out, F8 (Flyball, 8LM)
|
Bottom of the 9th over - 0 run(s), 0 hit(s), 0 error(s), 0 left on base; Penquannock 4 - Kingston 1 |
|